Map: Thunderbird LE

Players

ShoWTimE - Winner!

  • Race: Protoss Protoss
  • Spawn Location: 11:00

Serral

  • Race: Zerg Zerg
  • Spawn Location: 5:00

Event: 2019 WCS Summer

VOD

Have the link to the VOD?

Description

Time

  • Played on: July 14, 2019, 1:35 p.m.
  • Length: 11:26

All games in this series

Show
View Real Time Build Order
Export as new Build Order

ShoWTimE Protoss - Winner!

Build Orders: 1 Gate Expand, Oracle Opening, Phoenix Opening, Archon Immortal 

Get SALT Encoding   

  12  0:00  Probe  
  13  0:12  Probe  
  14  0:19  Pylon  
  14  0:25  Probe  
  15  0:34  Probe  
  15  0:42  Probe  
  16  0:43  Gateway  
  16  0:47  Assimilator  
  17  0:51  Probe  
  18  1:04  Probe  
  19  1:16  Probe  
  20  1:24  Nexus  
  20  1:28  Probe  
  21  1:37  Cybernetics Core  
  21  1:41  Probe  
  21  1:46  Assimilator  
  22  1:53  Pylon  
  22  1:55  Probe  
  23  2:04  Adept  
  23  2:11  Probe  
  26  2:18  Stargate  
  26  2:23  Probe  
  26  2:24  Warp Gate  
  27  2:32  Probe x2  
  27  2:33  Adept  
  31  2:40  Probe x2  
  32  2:49  Probe  
  32  2:50  Probe  
  33  2:57  Phoenix  
  35  3:01  Probe  
  35  3:02  Probe  
  39  3:13  Oracle, Pylon  
  39  3:14  Probe x2  
  41  3:26  Probe x2, Gateway  
  46  3:33  Assimilator  
  46  3:35  Assimilator  
  46  3:38  Probe  
  46  3:39  Probe  
  48  3:42  Oracle  
  48  3:45  Pylon  
  48  3:50  Probe  
  48  3:51  Probe  
  53  4:02  Probe  
  54  4:03  Probe  
  54  4:04  Robotics Facility  
  55  4:11  Oracle  
  55  4:14  Probe, Pylon  
  55  4:15  Probe  
  60  4:31  Pylon  
  62  4:33  Sentry  
  62  4:35  Nexus  
  62  4:36  Probe  
  62  4:37  Probe  
  62  4:38  Sentry  
  66  4:45  Pylon  
  66  4:48  Probe, Immortal  
  66  4:49  Probe  
  72  5:01  Probe x2  
  72  5:04  Sentry x2  
  78  5:08  Pylon  
  78  5:13  Probe x2  
  80  5:20  Immortal  
  80  5:21  Forge, Twilight Council  
  80  5:25  Probe  
  82  5:37  Probe  
  79  5:42  Probe  
  79  5:46  Sentry  
  79  5:47  Sentry  
  79  5:48  Probe  
  84  5:51  Probe  
  84  5:55  Observer, Charge  
  85  6:02  Probe x2  
  88  6:05  Protoss Ground Weapons Level 1  
  88  6:06  Warp Prism  
  88  6:09  Gateway x2  
  88  6:10  Probe  
  89  6:13  Gateway, Pylon  
  89  6:14  Probe, Gateway  
  89  6:15  Assimilator  
  89  6:16  Zealot  
  89  6:17  Zealot  
  96  6:19  Probe, Assimilator  
  96  6:22  Probe  
  98  6:26  Probe  
  98  6:31  Probe  
  100  6:33  Immortal  
  100  6:36  Templar Archives  
  100  6:41  Pylon  
  100  6:44  Pylon  
  102  7:04  Zealot x2, Immortal  
  106  7:10  Gateway  
  106  7:11  Gateway  
  110  7:17  Photon Cannon  
  110  7:18  Probe  
  110  7:20  Zealot  
  113  7:30  Psionic Storm  
  113  7:43  Warp Prism  
  113  7:44  Nexus  
  113  7:48  Pylon  
  113  7:49  High Templar x6  
  125  7:55  Gateway  
  125  7:58  Gateway  
  127  8:01  Protoss Ground Weapons Level 2  
  127  8:02  Photon Cannon  
  127  8:04  Photon Cannon  
  127  8:07  Probe x2  
  127  8:10  Photon Cannon, Probe  
  127  8:11  Photon Cannon  
  130  8:12  Shield Battery  
  130  8:15  Pylon  
  130  8:17  Assimilator  
  130  8:19  Probe x2  
  132  8:21  Assimilator  
  132  8:22  Stalker x4  
  132  8:25  Pylon  
  140  8:35  Pylon  
  140  8:37  Pylon  
  140  8:39  Pylon  
  140  8:40  Warp Prism  
  140  8:48  Zealot x7  
  150  9:03  Probe  
  150  9:06  Zealot x3  
  150  9:09  Zealot  
  153  9:11  High Templar  
  153  9:12  High Templar x3  
  153  9:15  Blink  
  153  9:16  Archon x2  
  161  9:19  High Templar x2  
  165  9:24  Pylon  
  165  9:25  Archon  
  165  9:33  Zealot x4  
  171  9:50  Zealot x4  
  175  9:55  Zealot x4  
  175  9:56  High Templar x2  
  185  10:01  Fleet Beacon  
  185  10:03  Stargate  
  185  10:04  Archon  
  185  10:06  Observer, Stargate  
  186  10:11  Zealot x4  
  184  10:40  Zealot  
  184  10:41  Zealot x7  
  200  10:44  Pylon  
  157  11:04  Zealot x10  
Show
View Real Time Build Order
Export as new Build Order

Serral Zerg 

Build Orders: Hatch First 

Get SALT Encoding   

  12  0:00  Drone  
  13  0:12  Overlord  
  13  0:17  Drone  
  14  0:30  Drone x2  
  16  0:48  Hatchery  
  15  0:51  Drone  
  15  0:54  Drone  
  17  0:57  Drone  
  18  1:07  Extractor  
  17  1:12  Spawning Pool  
  17  1:15  Drone  
  18  1:18  Drone  
  18  1:28  Drone  
  20  1:40  Drone  
  20  1:45  Hatchery  
  19  1:49  Drone  
  20  1:59  Queen  
  22  2:02  Drone  
  22  2:05  Drone  
  24  2:11  Metabolic Boost  
  24  2:15  Drone  
  25  2:20  Overlord  
  25  2:23  Drone  
  25  2:29  Queen  
  28  2:40  Zergling x6  
  28  2:44  Queen  
  31  2:48  Overlord  
  31  2:50  Drone  
  34  2:53  Drone  
  35  3:00  Queen  
  35  3:01  Drone  
  35  3:04  Drone  
  39  3:07  Drone  
  40  3:13  Drone  
  40  3:14  Drone  
  40  3:15  Zergling x2  
  40  3:19  Overlord  
  43  3:20  Drone  
  43  3:25  Queen  
  46  3:29  Zergling x2  
  46  3:30  Drone x2  
  49  3:37  Drone x2  
  49  3:39  Drone x2  
  53  3:45  Spore Crawler x2  
  51  3:48  Lair  
  51  3:52  Spore Crawler  
  50  3:57  Overlord  
  50  4:02  Overlord  
  50  4:05  Drone x2, Extractor x2  
  50  4:08  Overlord  
  49  4:15  Overlord  
  49  4:16  Drone x5  
  54  4:19  Drone  
  54  4:20  Drone  
  54  4:21  Drone  
  57  4:24  Zergling x2  
  57  4:25  Drone  
  57  4:27  Drone  
  57  4:30  Zergling x2  
  57  4:31  Drone  
  61  4:33  Zergling x2  
  61  4:35  Drone x2  
  64  4:39  Drone x3  
  64  4:43  Overlord  
  64  4:44  Drone  
  68  4:47  Drone  
  68  4:52  Hydralisk Den, Drone x3  
  72  4:55  Drone  
  72  4:59  Drone x2  
  74  5:04  Overlord  
  74  5:05  Extractor  
  72  5:07  Zergling x4  
  72  5:09  Drone x4  
  72  5:12  Drone  
  79  5:18  Drone x3  
  79  5:20  Overlord  
  82  5:26  Drone  
  82  5:28  Drone x4  
  87  5:32  Overlord  
  81  5:36  Drone x2  
  81  5:41  Drone  
  81  5:42  Queen  
  86  5:43  Muscular Augments  
  86  5:44  Extractor  
  86  5:45  Extractor  
  86  5:48  Drone  
  86  5:49  Baneling Nest  
  84  5:53  Drone x6, Evolution Chamber, Spore Crawler  
  84  5:55  Hatchery  
  85  5:58  Drone  
  85  6:02  Overseer  
  86  6:06  Drone x3  
  88  6:11  Hydralisk x2  
  88  6:13  Overlord x2  
  88  6:16  Overlord  
  88  6:17  Hydralisk  
  93  6:19  Zerg Missile Weapons Level 1  
  93  6:20  Hydralisk x2  
  96  6:27  Overlord  
  96  6:28  Hydralisk  
  96  6:31  Overlord  
  96  6:33  Hydralisk x2  
  96  6:38  Baneling  
  96  6:39  Baneling x4, Centrifical Hooks  
  100  6:40  Hydralisk x2  
  100  6:46  Hydralisk x3  
  104  6:48  Zergling x2  
  111  6:59  Infestation Pit  
  105  7:09  Overlord  
  105  7:13  Queen  
  105  7:14  Grooved Spines  
  107  7:16  Overlord  
  107  7:17  Hydralisk x2  
  107  7:18  Hydralisk, Zergling x6  
  107  7:19  Zergling x2  
  117  7:23  Drone x2  
  117  7:24  Drone x10  
  128  7:39  Hydralisk x6  
  140  7:50  Hydralisk x6  
  152  7:55  Hive  
  152  7:56  Overlord x3  
  152  7:59  Extractor x2  
  152  8:00  Overlord  
  150  8:06  Drone x2  
  150  8:07  Spire, Overlord  
  150  8:10  Overlord  
  151  8:18  Hydralisk  
  151  8:19  Hydralisk, Zergling x16  
  163  8:33  Zergling x18  
  171  8:39  Baneling  
  171  8:40  Baneling x13  
  171  8:46  Zergling x12  
  171  8:48  Hatchery  
  176  8:53  Drone x4  
  176  8:54  Zerg Missile Weapons Level 2  
  180  8:56  Evolution Chamber  
  172  9:08  Adrenal Glands  
  172  9:09  Hydralisk x2  
  173  9:10  Zergling x18  
  173  9:13  Pneumatized Carapace  
  182  9:19  Baneling x8  
  182  9:21  Greater Spire  
  182  9:22  Zerg Melee Weapons Level 1  
  182  9:29  Drone x2  
  184  9:32  Baneling x6  
  184  9:33  Zergling x16  
  192  9:43  Baneling x8  
  192  9:45  Zergling x16  
  189  9:48  Extractor  
  189  9:49  Extractor  
  182  9:54  Zergling x14  
  182  9:55  Zergling x6  
  192  10:02  Baneling x13  
  192  10:11  Baneling x8, Zergling x14  
  196  10:39  Spore Crawler  
  196  10:42  Corruptor x2  
  171  11:05  Spine Crawler  
  171  11:08  Zergling x28  
Tags
 
Add a new tag
Caveats
  • Supply blocks, unpowered buildings, or Contaminate may cause inaccurate times.
  • Supply counts are checked every 10 seconds.